 Dungeon Crawl Stone Soup version 0.28.0 (webtiles) character file.

Game seed: 13972399310712549895

570 enile the Charlatan (level 7, -6/51 HPs)
             Began as a Gnoll Wanderer on Feb 14, 2022.
             Was a Priest of Zin.
             Mangled by an ogre (13 damage)
             ... on level 4 of the Dungeon.
             The game lasted 00:10:06 (4004 turns).

enile the Charlatan (Gnoll Wanderer)                Turns: 4004, Time: 00:10:07

Health: -6/51      AC:  7    Str: 21    XL:     7   Next: 34%
Magic:  10/10      EV: 12    Int:  9    God:    Zin [***...]
Gold:   165        SH:  0    Dex: 12    Spells: 10/10 levels left

rFire   . . .      SeeInvis .   m - +0 flail (protect)
rCold   . . .      Faith    .   (no shield)
rNeg    . . .      Spirit   .   f - +0 leather armour
rPois   .          Reflect  .   (no helmet)
rElec   .          Harm     .   (no cloak)
rCorr   .          Rampage  .   (no gloves)
Will    .....                   (no boots)
Stlth   ++........              (no amulet)
HPRegen 0.17/turn               g - +4 ring of protection
MPRegen 0.12/turn               n - +6 ring of strength

@: no status effects
A: fangs 1, strong nose, distributed training, talons 1, no potion heal 1
a: Renounce Religion, Recite, Vitalisation, Imprison, Donate Gold


You were on level 4 of the Dungeon.
You worshipped Zin.
Zin was most pleased with you.
You visited 1 branch of the dungeon, and saw 4 of its levels.

You collected 183 gold pieces.
You donated 18 gold pieces to Zin.

Inventory:

Hand Weapons
 a - a +2 hand crossbow {s}
 c - a +0 hunting sling
 m - a +0 flail of protection (weapon)
Missiles
 b - 14 bolts
 d - 28 sling bullets
 i - 99 stones
 u - 2 javelins (quivered)
Armour
 f - a +0 leather armour (worn)
 o - a +0 leather armour
Jewellery
 g - a +4 ring of protection (left hand)
 n - a +6 ring of strength (right hand)
 p - a +6 ring of intelligence
 r - a ring of flight
Wands
 e - a wand of polymorph (21)
Scrolls
 h - 5 scrolls of identify
 k - a scroll of noise
 l - a scroll of amnesia
 q - a scroll of fog {unknown}
 s - a scroll of immolation {unknown}
 t - a scroll of fear {unknown}
Potions
 j - a potion of curing


   Skills:
 + Level 2.4 Fighting
 + Level 2.4 Short Blades
 + Level 2.4 Long Blades
 + Level 2.4 Axes
 + Level 2.4 Maces & Flails
 + Level 2.4 Polearms
 + Level 2.4 Staves
 + Level 7.0 Slings
 + Level 2.4 Bows
 + Level 7.0 Crossbows
 + Level 2.4 Throwing
 + Level 3.6 Armour
 + Level 2.4 Dodging
 + Level 2.4 Stealth
 + Level 2.4 Shields
 + Level 2.4 Unarmed Combat
 + Level 2.4 Spellcasting
 + Level 2.0 Conjurations
 + Level 2.0 Hexes
 + Level 2.0 Summonings
 + Level 2.0 Necromancy
 + Level 2.0 Translocations
 + Level 2.0 Transmutations
 + Level 2.0 Fire Magic
 + Level 2.0 Ice Magic
 + Level 2.0 Air Magic
 + Level 2.0 Earth Magic
 + Level 2.0 Poison Magic
 + Level 2.7 Invocations
 + Level 7.0 Evocations


You had 10 spell levels left.
You didn't know any spells.
Your spell library contained the following spells:

 Spells                   Type           Power      Damage    Failure   Level
 Magic Dart               Conj           16%        1d3       16%         1
 Sandblast                Erth           8%         2d5       16%         1
 Call Imp                 Summ           4%         N/A       24%         2
 Passwall                 Tmut/Erth      3%         N/A       24%         2
 Mephitic Cloud           Conj/Pois/Air  4%         N/A       43%         3
 Stone Arrow              Conj/Erth      8%         3d7       43%         3


Dungeon Overview and Level Annotations

Branches:
Dungeon (4/15)
 Temple: D:4-7

Altars:
Zin

Shops:
D:1 =

Annotations:
D:3 1 runed translucent door ief, Crazy Yiuf


Innate Abilities, Weirdness & Mutations

You have very sharp teeth.
Your uncanny sense of smell can sniff out nearby items.
Your experience applies equally to all skills.
You have sharp toenails.
Potions are less effective at restoring your health.


Message History

An ogre is nearby!
You hit the ogre.
Your weapon exudes an aura of protection.
You claw the ogre.
The ogre is lightly wounded.
The ogre barely misses you.
You barely miss the ogre. You claw the ogre. Your bite misses the ogre.
The ogre is moderately wounded.
The ogre closely misses you.
You hit the ogre.
The ogre is moderately wounded.
The ogre hits you with a +0 giant spiked club!
You barely miss the ogre. You bite the ogre, but do no damage.
The ogre is moderately wounded.
The ogre closely misses you.
You hit the ogre.
The ogre is moderately wounded.
The ogre hits you but does no damage.
You closely miss the ogre.
The ogre is moderately wounded.
The ogre closely misses you.
You barely miss the ogre. You claw the ogre, but do no damage.
You bite the ogre, but do no damage.
The ogre is moderately wounded.
The ogre barely misses you.
You barely miss the ogre. You claw the ogre.
The ogre is heavily wounded.
The ogre hits you with a +0 giant spiked club!!
You sock the ogre!
Your weapon exudes an aura of protection.
Your kick misses the ogre.
The ogre is severely wounded.
The ogre hits you with a +0 giant spiked club!!
* * * LOW HITPOINT WARNING * * *
Throw: 3 javelins
Press: ? - help, Q - select action, (/) - cycle Shift-Dir - straight line, f - ogre
Aim: an ogre, wielding a +0 giant spiked club (severely wounded, 74% to hit)
You throw a javelin. The javelin barely misses the ogre.
The ogre hits you with a +0 giant spiked club!
You die...

##.####...........###.....###.).#
#.#........#..##..#...##..##.###
##...###..##..###....# ##.####
##..####...##..# ##..(####...#
....####..###..# ##..........#
......#...####.# #..###......##
...........##..###.## #...##..##
.####.####......#O.# #....#...#
.# ##.# ##.....@.## ##.......# .#
#.## #....##.######.....###
.###.# #.######...........#
.#...## #.# #.........#.#
......## #..# #........###.#
.......###.## #.....#..# ##
##......#..# ##...###..#
##.........#####...## ##.##
##..##.####..#.†##..# ##.##


You could see an ogre.

Vanquished Creatures
  Grinder (D:2)
  Edmund (D:4)
  2 phantoms
  An iguana (D:4)
  Ijyb (D:4)
  3 adders (D:2)
  An ufetubus (D:4)
  A dart slug (D:3)
  2 ball pythons (D:1)
  A bat (D:1)
  6 endoplasms
  3 giant cockroaches
  9 goblins
  9 hobgoblins
  4 kobolds
  6 quokkas
  4 frilled lizards
  A rat (D:2)
56 creatures vanquished.

Notes
Turn   | Place    | Note
-------+----------+-------------------------------------------
     0 | D:1      | enile the Gnoll Wanderer began the quest for the Orb.
     0 | D:1      | enile set off with the following items: a +2 hand crossbow,
                  | 21 bolts, a +0 hunting sling, 19 sling bullets, a wand of
                  | polymorph (6), a +0 leather armour
     0 | D:1      | Reached XP level 1. HP: 13/13 MP: 1/1
   143 | D:1      | Reached XP level 2. HP: 19/19 MP: 2/2
   144 | D:1      | Found a faded altar of an unknown god.
   215 | D:1      | Found Siwyxeck's Jewellery Shoppe.
   241 | D:1      | Prayed at the altar of an unknown god.
   241 | D:1      | Became a worshipper of Zin the Law-Giver
   241 | D:1      | Reached * piety under Zin
   911 | D:2      | Reached XP level 3. HP: 25/25 MP: 3/3
   946 | D:2      | Reached ** piety under Zin
  1044 | D:2      | Reached skill level 1 in Invocations
  1177 | D:2      | Reached skill level 1 in Fighting
  1177 | D:2      | Reached skill level 1 in Short Blades
  1177 | D:2      | Reached skill level 1 in Long Blades
  1177 | D:2      | Reached skill level 1 in Axes
  1177 | D:2      | Reached skill level 1 in Maces & Flails
  1177 | D:2      | Reached skill level 1 in Polearms
  1177 | D:2      | Reached skill level 1 in Staves
  1177 | D:2      | Reached skill level 1 in Bows
  1177 | D:2      | Reached skill level 1 in Throwing
  1177 | D:2      | Reached skill level 1 in Dodging
  1177 | D:2      | Reached skill level 1 in Stealth
  1177 | D:2      | Reached skill level 1 in Shields
  1177 | D:2      | Reached skill level 1 in Unarmed Combat
  1177 | D:2      | Reached skill level 1 in Spellcasting
  1181 | D:2      | Reached XP level 4. HP: 32/32 MP: 5/5
  1547 | D:3      | Noticed Grinder
  1549 | D:3      | Noticed a phantom
  1855 | D:2      | Paralysed by Grinder for 4 turns
  1877 | D:2      | Killed Grinder
  1878 | D:2      | Reached skill level 1 in Conjurations
  1878 | D:2      | Reached skill level 1 in Hexes
  1878 | D:2      | Reached skill level 1 in Summonings
  1878 | D:2      | Reached skill level 1 in Necromancy
  1878 | D:2      | Reached skill level 1 in Translocations
  1878 | D:2      | Reached skill level 1 in Transmutations
  1878 | D:2      | Reached skill level 1 in Fire Magic
  1878 | D:2      | Reached skill level 1 in Ice Magic
  1878 | D:2      | Reached skill level 1 in Air Magic
  1878 | D:2      | Reached skill level 1 in Earth Magic
  1878 | D:2      | Reached skill level 1 in Poison Magic
  1878 | D:2      | Reached XP level 5. HP: 23/38 MP: 5/7
  1878 | D:2      | Reached XP level 6. HP: 26/44 MP: 5/8
  2574 | D:3      | Found a runed translucent door.
  2575 | D:3      | Noticed Crazy Yiuf
  3080 | D:4      | Reached *** piety under Zin
  3157 | D:4      | Noticed Ijyb
  3214 | D:4      | Gained mutation: Potions are less effective at restoring
                  | your health. [potion of mutation]
  3214 | D:4      | Gained mutation: You have sharp toenails. [potion of
                  | mutation]
  3221 | D:4      | Killed Ijyb
  3569 | D:4      | Reached XP level 7. HP: 50/50 MP: 10/10
  3724 | D:4      | Noticed Edmund
  3749 | D:4      | Killed Edmund
  4004 | D:4      | Mangled by an ogre

Illustrated notes

Levels and vault maps discovered:
D:1:      grunt_arrival_crossed_arrows, layout_basic, serial_shops, shop,
          hellmonk_ecumenical_altar_zigzags
D:2:      layout_loops_ring
D:3:      layout_rooms, uniq_crazy_yiuf_cottage, uniq_grinder
D:4:      nicolae_cairo_tiling_large, layout_layer_cave, uniq_edmund, uniq_ijyb

Skill      XL: |  1  2  3  4  5  6  7 |
---------------+----------------------+-----
Invocations    | 1 2 |  2.7
Fighting       | 1 2 |  2.4
Short Blades   | 1 2 |  2.4
Long Blades    | 1 2 |  2.4
Axes           | 1 2 |  2.4
Maces & Flails | 1 2 |  2.4
Polearms       | 1 2 |  2.4
Staves         | 1 2 |  2.4
Bows           | 1 2 |  2.4
Throwing       | 1 2 |  2.4
Dodging        | 1 2 |  2.4
Stealth        | 1 2 |  2.4
Shields        | 1 2 |  2.4
Unarmed Combat | 1 2 |  2.4
Spellcasting   | 1 2 |  2.4
Armour         | 3 |  3.6
Conjurations   | 1 2 |  2.0
Hexes          | 1 2 |  2.0
Summonings     | 1 2 |  2.0
Necromancy     | 1 2 |  2.0
Translocations | 1 2 |  2.0
Transmutations | 1 2 |  2.0
Fire Magic     | 1 2 |  2.0
Ice Magic      | 1 2 |  2.0
Air Magic      | 1 2 |  2.0
Earth Magic    | 1 2 |  2.0
Poison Magic   | 1 2 |  2.0
Slings         | 7 |  7.0
Crossbows      | 7 |  7.0
Evocations     | 7 |  7.0

Action                   |  1- 3 |  4- 6 |  7- 9 || total
-------------------------+-------+-------+-------++-------
Melee: Unarmed           |       |    35 |       ||    35
       Flail             |       |       |    10 ||    10
       Kick              |       |       |     4 ||     4
       Bite              |       |       |     2 ||     2
 Fire: Hand crossbow     |    48 |    31 |       ||    79
       Hunting sling     |       |   103 |    21 ||   124
Throw: Javelin           |       |       |     4 ||     4
Invok: Vitalisation      |       |     1 |       ||     1
Evoke: Wand              |       |       |     3 ||     3
  Use: Potion            |       |     3 |       ||     3
       Scroll            |       |     3 |       ||     3
 Stab: Sleeping          |       |       |     1 ||     1
Armor: Leather armour    |     1 |    11 |     3 ||    15
       Skin              |       |     1 |       ||     1
Dodge: Dodged            |     8 |    48 |    11 ||    67
